Map: Cyber Forest LE

Players

Brownrice - Winner!

  • Race: Protoss Protoss
  • League: Silver
  • Spawn Location: 5:00

TiPtOP

  • Race: Terran Terran
  • League: Silver
  • Spawn Location: 11:00

VOD

Have the link to the VOD?

Description

Time

  • Played on: Aug. 16, 2019, 10:03 p.m.
  • Length: 10:55
Show
View Real Time Build Order
Export as new Build Order

Brownrice Protoss - Winner!

Build Orders:  

Get SALT Encoding   

  1  0:00  Probe  
  13  0:07  Probe  
  14  0:17  Probe  
  15  0:30  Pylon  
  15  0:48  Probe  
  15  0:49  Pylon  
  16  0:57  Forge  
  16  1:00  Probe  
  17  1:12  Probe  
  17  1:17  Gateway  
  18  1:22  Assimilator  
  18  1:25  Probe  
  19  1:27  Assimilator  
  19  1:34  Photon Cannon  
  19  1:37  Probe  
  20  1:57  Photon Cannon  
  20  2:00  Probe  
  20  2:08  Probe  
  21  2:13  Cybernetics Core  
  22  2:17  Probe  
  22  2:18  Zealot  
  25  2:27  Pylon  
  25  2:44  Pylon  
  25  2:45  Zealot  
  25  2:48  Photon Cannon  
  27  2:56  Photon Cannon  
  27  3:10  Stargate  
  27  3:15  Stargate  
  27  3:20  Pylon  
  27  3:27  Stalker  
  29  3:53  Pylon  
  29  4:09  Nexus  
  27  4:35  Void Ray x2  
  35  4:46  Photon Cannon  
  35  5:04  Photon Cannon  
  35  5:12  Photon Cannon  
  35  5:19  Probe  
  35  5:27  Probe x2  
  36  5:35  Probe  
  38  5:36  Probe  
  40  5:44  Probe  
  40  5:48  Probe  
  42  5:58  Assimilator  
  42  6:01  Probe, Assimilator  
  43  6:07  Probe  
  44  6:15  Probe  
  44  6:17  Void Ray x2  
  52  6:23  Probe  
  54  6:33  Probe  
  54  6:36  Probe  
  56  6:45  Probe  
  57  6:48  Probe  
  58  6:57  Probe  
  59  7:09  Probe  
  59  7:11  Stargate  
  60  7:18  Stargate  
  60  7:21  Probe, Stargate  
  61  7:24  Stargate  
  61  7:31  Pylon  
  61  7:40  Pylon  
  61  7:44  Void Ray x2  
  69  7:55  Void Ray  
  73  8:01  Void Ray  
  77  8:06  Void Ray  
  81  8:15  Pylon  
  81  8:19  Pylon  
  81  8:21  Pylon  
  81  8:23  Void Ray  
  85  8:35  Probe  
  85  8:39  Void Ray  
  85  8:40  Void Ray  
  94  8:47  Probe  
Show
View Real Time Build Order
Export as new Build Order

TiPtOP Terran 

Build Orders: 2 Factory, Mech 

Get SALT Encoding   

  12  0:01  SCV  
  13  0:13  SCV  
  14  0:19  Supply Depot  
  14  0:25  SCV  
  15  0:44  Barracks  
  15  0:47  SCV  
  16  0:51  Refinery  
  16  1:08  SCV  
  17  1:31  Command Center  
  17  1:34  Orbital Command  
  17  1:49  Barracks Tech Lab  
  17  1:59  Supply Depot  
  16  2:14  SCV  
  17  2:26  SCV  
  18  2:31  Marine  
  18  2:32  Factory  
  18  2:35  Supply Depot  
  19  2:43  Orbital Command  
  19  2:49  SCV  
  20  3:01  Supply Depot  
  20  3:02  SCV  
  21  3:12  Factory  
  21  3:18  SCV  
  22  3:30  SCV  
  23  3:41  Bunker  
  23  3:42  SCV x2  
  23  3:45  Siege Tank  
  28  3:54  SCV  
  29  3:57  Command Center, Factory Reactor  
  29  3:59  Refinery  
  27  4:30  SCV  
  25  4:41  SCV  
  25  4:42  SCV  
  27  4:48  Siege Tank  
  30  4:53  SCV  
  30  4:54  SCV  
  32  5:06  SCV  
  33  5:12  SCV  
  33  5:13  Supply Depot  
  34  5:18  SCV  
  35  5:24  SCV  
  36  5:31  SCV  
  36  5:32  Siege Tank, Armory  
  40  5:36  SCV  
  40  5:42  Orbital Command  
  41  5:43  SCV  
  41  5:47  Armory  
  41  5:48  SCV  
  43  5:54  Engineering Bay  
  43  6:05  SCV x2  
  43  6:11  Supply Depot  
  45  6:21  Marine  
  46  6:31  Refinery  
  46  6:35  Refinery, Supply Depot  
  46  6:37  Orbital Command  
  46  6:39  Marine  
  47  6:44  SCV x2  
  49  6:51  Thor  
  55  6:55  Hellion x2  
  55  6:56  SCV x2  
  55  6:59  Supply Depot  
  55  7:00  Factory  
  61  7:07  Missile Turret  
  61  7:41  Hellion x2, Hellbat  
  67  7:48  SCV  
  68  7:58  SCV x2  
  70  8:00  SCV  
  70  8:02  Thor  
  77  8:10  SCV x2  
  80  8:12  SCV  
  80  8:17  Factory Tech Lab  
  80  8:21  Infernal Pre-Igniter  
  80  8:24  Hellion x2, SCV  
  81  8:32  Factory  
  81  8:34  Factory  
  81  8:37  SCV  
  82  8:45  Thor  
  88  8:58  Hellion x2  
  92  9:08  Missile Turret  
  92  9:11  Smart Servos  
  92  9:21  Factory Tech Lab  
  88  9:28  Siege Tank  
  91  9:33  Factory Reactor  
  91  9:36  Hellbat x2  
  95  9:45  Missile Turret  
  95  9:59  Hellion x4, Thor  
  74  10:11  Thor  
Tags
 
Composition
Mech
Matchup
PvT
Opening
2 Factory
Spawn Locations
Cross Positions
Add a new tag
Caveats
  • Supply blocks, unpowered buildings, or Contaminate may cause inaccurate times.
  • Supply counts are checked every 10 seconds.